cohdb
Replays
Latest Replays
All Replays
Popular Replays
Top Player Replays
Match Explorer
How It Works
Community
CoH3 Stats
Reddit
Sign in to upload your games and track your stats! →
Sign in with Steam
Match 42715022
Unlisted
Match 42715022
Overview
Messages
Build Orders
End
Kradschützen Motorcycle Team
250 Light Carrier
Panzerpioneer Squad
250 Light Carrier
Construct Light Support Kompanie
Assault Grenadier Squad
Panzerjäger Squad
2.5-tonne Medical Truck
Construct Mechanized Kompanie
Assault Mechanized Group
Support Armor Elements
StuG III D Assault Gun
Selects Armored Support Battlegroup
Selects Armored Support Battlegroup
Selects Superior Fire Drills
Marder III Tank Destroyer
Selects Salvage Kits
Selects Panzer Storm
StuG III D Assault Gun
Brother
Sherkok
0
0
Comments
sign in to comment!
No comments posted yet!